 Dungeon Crawl Stone Soup version 0.29-a0-355-g7276a9ff7f (webtiles) character file.

Game seed: 4988125351989594580

1645 101zpm the Gusty (level 8, -4/60 HPs)
             Began as a Gnoll Air Elementalist on Apr 24, 2022.
             Was an Initiate of Qazlal.
             Slain by a manticore (8 damage)
             ... on level 8 of the Dungeon.
             The game lasted 00:25:25 (10486 turns).

101zpm the Gusty (Gnoll Air Elementalist)          Turns: 10486, Time: 00:25:27

Health: -4/60      AC: 13    Str:  8    XL:     8   Next: 99%
Magic:  13/17      EV: 14    Int: 16    God:    Qazlal [......]
Gold:   324        SH:  0    Dex: 13    Spells: 3/19 levels left

rFire   . . .      SeeInvis .   p - staff of conjuration
rCold   . . .      Faith    .   (no shield)
rNeg    + . .      Spirit   .   u - +2 robe {rN+}
rPois   .          Reflect  .   (no helmet)
rElec   .          Harm     .   g - +0 cloak
rCorr   .          Rampage  .   (no gloves)
Will    .....                   (no boots)
Stlth   +++.......              (no amulet)
HPRegen 0.20/turn               C - +4 ring of protection
MPRegen 0.15/turn               y - +4 ring of protection

@: very slightly contaminated
A: fangs 1, strong nose, distributed training
a: Renounce Religion


You were on level 8 of the Dungeon.
You worshipped Qazlal.
Qazlal was noncommittal.
You visited 1 branch of the dungeon, and saw 8 of its levels.

You collected 324 gold pieces.

Inventory:

Hand Weapons
 q - a +4 rapier
Armour
 g - a +0 cloak (worn)
 u - a +2 robe of positive energy (worn)
 D - the +1 chain mail of Zin's Righteous Fury {+Inv rC+}
   (You found it on level 5 of the Dungeon)

   rC:        It protects you from cold.
   +Inv:      It lets you turn invisible.
Magical Staves
 p - a staff of conjuration (weapon)
Jewellery
 m - a ring of fire
 n - a ring of positive energy
 y - a +4 ring of protection (right hand)
 B - a ring of positive energy
 C - a +4 ring of protection (left hand)
Wands
 s - a wand of digging (5)
 E - a wand of iceblast (9)
Scrolls
 c - a scroll of fog {unknown}
 d - 5 scrolls of immolation {unknown}
 e - 4 scrolls of identify {unknown}
 f - 6 scrolls of amnesia {unknown}
 h - 7 scrolls of teleportation {unknown}
 j - a scroll of magic mapping {unknown}
 k - a scroll of holy word {unknown}
 l - a scroll of brand weapon {unknown}
 o - 4 scrolls of enchant weapon {unknown}
 r - 2 scrolls of enchant armour {unknown}
 v - a scroll of fear {unknown}
 x - a scroll of silence {unknown}
 G - a scroll of vulnerability {unknown}
Potions
 a - 4 potions of haste {unknown}
 i - 3 potions of curing {unknown}
 t - 2 potions of degeneration {unknown}
 w - a potion of flight {unknown}
 z - a potion of attraction {unknown}
 A - a potion of might {unknown}
 F - a potion of lignification {unknown}


   Skills:
 + Level 3.7 Fighting
 + Level 3.7 Short Blades
 + Level 3.7 Long Blades
 + Level 3.7 Axes
 + Level 3.7 Maces & Flails
 + Level 3.7 Polearms
 + Level 3.7 Staves
 + Level 3.7 Slings
 + Level 3.7 Bows
 + Level 3.7 Crossbows
 + Level 3.7 Throwing
 + Level 3.7 Armour
 + Level 6.0 Dodging
 + Level 5.7 Stealth
 + Level 3.7 Shields
 + Level 3.7 Unarmed Combat
 + Level 6.3 Spellcasting
 + Level 3.8 Conjurations
 + Level 3.1 Hexes
 + Level 3.1 Summonings
 + Level 3.1 Necromancy
 + Level 3.1 Translocations
 + Level 3.1 Transmutations
 + Level 3.1 Fire Magic
 + Level 3.1 Ice Magic
 + Level 6.3 Air Magic
 + Level 3.1 Earth Magic
 + Level 3.1 Poison Magic
 + Level 4.1 Invocations
 + Level 3.7 Evocations


You had 3 spell levels left.
You knew the following spells:

 Your Spells              Type           Power      Damage    Failure   Level
a - Shock                 Conj/Air       100%       1d9       1%          1
b - Static Discharge      Conj/Air       32%        N/A       2%          2
c - Swiftness             Air            25%        N/A       3%          3
d - Airstrike             Air            12%        N/A       10%         4
e - Sting                 Tmut/Pois      56%        1d5       3%          1
f - Poisonous Vapours     Pois/Air       40%        N/A       3%          2
g - Teleport Other        Tloc           14%        N/A       11%         3

Your spell library contained the following spells:

 Spells                   Type           Power      Damage    Failure   Level
 Sublimation of Blood     Necr           14%        N/A       5%          2
 Wereblood                Tmut           14%        N/A       5%          2
 Dazzling Flash           Conj/Hex       48%        N/A       10%         3
 Gell's Gravitas          Tloc           14%        N/A       11%         3
 Lesser Beckoning         Tloc           14%        N/A       11%         3
 Iskenderun's Mystic Bla  Conj/Tloc      24%        2d7       32%         4
 Olgreb's Toxic Radiance  Pois           14%        N/A       36%         4
 Starburst                Conj/Fire      12%        6d5       99%         6
 Summon Hydra             Summ           7%         N/A       100%        7


Dungeon Overview and Level Annotations

Branches:
Dungeon (8/15)
 Temple: D:4-7         Lair: D:8-11

Altars:
Ashenzari
Fedhas
Hepliaklqana
Qazlal

Annotations:
D:3 Grinder
D:7 Maggie


Innate Abilities, Weirdness & Mutations

You have very sharp teeth.
Your uncanny sense of smell can sniff out nearby items.
Your experience applies equally to all skills.


Message History

Aim: a manticore (severely wounded, empty space bonus: 5/8)
You miscast Airstrike.
You are very lightly contaminated with residual magic.
Nothing appears to happen.
You carefully extract the barbed spikes from your body.
The manticore bites you! The manticore closely misses you.
The manticore claws you but does no damage.
Casting: Airstrike (dangerous; 10% risk of failure)
Confirm with . or Enter, or press ? or * to list all spells.
You don't have enough magic to cast this spell.
Unknown command.
Aiming: Shock (safe; 1% risk of failure)
Press: ? - help, Q - select action, (/) - cycle Shift-Dir - straight line, f/p - manticore
Aim: a manticore (severely wounded, 84% to hit)
You feel a surge of power!
The zap hits the manticore.
The manticore is severely wounded.
The manticore barely misses you. The manticore claws you.
* * * LOW HITPOINT WARNING * * *
The manticore claws you but does no damage.
Aiming: Shock (safe; 1% risk of failure)
Press: ? - help, Q - select action, (/) - cycle Shift-Dir - straight line, f/p - manticore
Aim: a manticore (severely wounded, 84% to hit)
You feel a surge of power!
The zap hits the manticore.
The manticore is severely wounded.
The manticore bites you but does no damage.
The manticore claws you but does no damage. x2
Magic courses through your body. The manticore bites you!
* * * LOW HITPOINT WARNING * * *
The manticore claws you but does no damage.
The manticore completely misses you.
Casting: Shock (safe; 1% risk of failure)
Confirm with . or Enter, or press ? or * to list all spells.
Aiming: Airstrike (dangerous; 10% risk of failure)
Press: ? - help, Dir - move target, f/p - manticore
Aim: a manticore (severely wounded, empty space bonus: 5/8)
The air twists around and strikes the manticore!
The manticore is almost dead.
The manticore bites you but does no damage.
The manticore claws you!
You die...

...P..........
....P...........
....8............
#...............
#.?..........#
#####............#
#.....H.........#
#@........#
##....>....#
#.........##
#.#.......#
#.........#
#........##
#........#
#.......##
#........##


You could see a manticore.

Vanquished Creatures
  Prince Ribbit (D:5)
  A steam dragon (D:6)
  A water moccasin (D:6)
  An ogre (D:5)
  A phantom (D:6)
  A gnoll sergeant (D:7)
  Blork the orc (D:4)
  3 bullfrogs
  A necrophage (D:6)
  A wight (D:8)
  A howler monkey (D:6)
  A centaur zombie (D:8)
  2 hounds
  2 jellies
  Terence (D:3)
  Jessica (D:3)
  4 iguanas
  Robin (D:4)
  10 gnolls
  9 adders
  An ufetubus (D:6)
  2 worms
  7 orcs
  5 ball pythons
  5 bats
  9 endoplasms
  3 giant cockroaches
  18 goblins
  7 hobgoblins
  5 jackals
  7 kobolds
  3 quokkas
  2 frilled lizards
  4 rats
122 creatures vanquished.

Vanquished Creatures (others)
  4 fungi (D:2)
  4 plants
  3 withered plants (D:8)
11 creatures vanquished.

Grand Total: 133 creatures vanquished

Notes
Turn   | Place    | Note
-------+----------+-------------------------------------------
     0 | D:1      | 101zpm the Gnoll Air Elementalist began the quest for the
                  | Orb.
     0 | D:1      | Reached XP level 1. HP: 13/13 MP: 6/6
   142 | D:1      | Reached XP level 2. HP: 19/19 MP: 5/7
   839 | D:1      | Reached XP level 3. HP: 25/25 MP: 7/9
   882 | D:1      | Reached skill level 5 in Spellcasting
  1166 | D:2      | Found a hazy altar of Hepliaklqana.
  1341 | D:3      | Reached skill level 1 in Invocations
  1355 | D:3      | Noticed Jessica
  1668 | D:2      | Reached skill level 1 in Fighting
  1668 | D:2      | Reached skill level 1 in Short Blades
  1668 | D:2      | Reached skill level 1 in Long Blades
  1668 | D:2      | Reached skill level 1 in Axes
  1668 | D:2      | Reached skill level 1 in Maces & Flails
  1668 | D:2      | Reached skill level 1 in Polearms
  1668 | D:2      | Reached skill level 1 in Staves
  1668 | D:2      | Reached skill level 1 in Slings
  1668 | D:2      | Reached skill level 1 in Bows
  1668 | D:2      | Reached skill level 1 in Crossbows
  1668 | D:2      | Reached skill level 1 in Throwing
  1668 | D:2      | Reached skill level 1 in Armour
  1668 | D:2      | Reached skill level 1 in Shields
  1668 | D:2      | Reached skill level 1 in Unarmed Combat
  1668 | D:2      | Reached skill level 1 in Evocations
  1824 | D:2      | Reached XP level 4. HP: 32/32 MP: 9/11
  2061 | D:2      | Found a faded altar of an unknown god.
  2224 | D:2      | Reached skill level 1 in Hexes
  2224 | D:2      | Reached skill level 1 in Summonings
  2224 | D:2      | Reached skill level 1 in Necromancy
  2224 | D:2      | Reached skill level 1 in Translocations
  2224 | D:2      | Reached skill level 1 in Transmutations
  2224 | D:2      | Reached skill level 1 in Fire Magic
  2224 | D:2      | Reached skill level 1 in Ice Magic
  2224 | D:2      | Reached skill level 1 in Earth Magic
  2224 | D:2      | Reached skill level 1 in Poison Magic
  2975 | D:3      | Noticed Grinder
  2980 | D:3      | Learned a level 2 spell: Static Discharge
  2984 | D:3      | Learned a level 3 spell: Swiftness
  2989 | D:3      | Learned a level 4 spell: Airstrike
  3133 | D:3      | Killed Jessica
  3134 | D:3      | Reached XP level 5. HP: 37/37 MP: 7/12
  3487 | D:3      | Noticed Terence
  3489 | D:3      | Killed Terence
  3949 | D:4      | Noticed Blork the orc
  3958 | D:4      | Killed Blork the orc
  3959 | D:4      | Reached XP level 6. HP: 32/44 MP: 2/14
  4114 | D:4      | Found a blossoming altar of Fedhas.
  4145 | D:4      | Found a stormy altar of Qazlal.
  4229 | D:4      | Reached skill level 5 in Dodging
  4380 | D:4      | Noticed Robin
  4393 | D:5      | Entered Level 5 of the Dungeon
  4563 | D:5      | Reached XP level 7. HP: 50/50 MP: 2/15
  5026 | D:5      | Noticed Prince Ribbit
  5031 | D:5      | Killed Prince Ribbit
  5032 | D:5      | Reached skill level 5 in Stealth
  5241 | D:5      | Found a broken altar of Ashenzari.
  5454 | D:5      | Identified the +1 chain mail of Zin's Righteous Fury {+Inv
                  | rC+}
  6352 | D:6      | Reached XP level 8. HP: 57/57 MP: 11/16
  7171 | D:7      | Noticed Maggie
  7262 | D:7      | Noticed a troll
  7377 | D:7      | Noticed a gargoyle
  7561 | D:4      | Killed Robin
  7981 | D:4      | Became a worshipper of Qazlal Stormbringer
 10073 | D:8      | Noticed a two-headed ogre
 10300 | D:7      | Learned a level 1 spell: Sting
 10303 | D:7      | Learned a level 2 spell: Poisonous Vapours
 10307 | D:7      | Learned a level 3 spell: Teleport Other
 10432 | D:8      | Noticed a manticore
 10486 | D:8      | Slain by a manticore

Illustrated notes

Levels and vault maps discovered:
D:1:      heliophobic_arrival_enchanted_forest, layout_loops_ring, minivault_27
D:2:      layout_rooms, dreamdust_ecumenical_altar_grove, basic_altar
D:3:      layout_basic, uniq_terence, uniq_jessica, uniq_grinder
D:4:      layout_rooms, grunt_temple_overflow_forces_of_nature,
          roderic_serpentine_path, uniq_robin, uniq_blork_the_orc
D:5:      layout_loops_ring, lemuel_crystal_altar, uniq_prince_ribbit1
D:6:      layout_gridville
D:7:      layout_basic, minmay_temple_entry_tees, uniq_crazy_yiuf_cottage,
          uniq_maggie
D:8:      corexii_shack_village, layout_layer_cave, grunt_temple_overflow_open,
          serial_undead, serial_undead_a, serial_undead_b, serial_undead_e,
          serial_undead_c

Skill      XL: |  1  2  3  4  5  6  7  8 |
---------------+-------------------------+-----
Conjurations   | 2 3 |  3.8
Spellcasting   | 5 6 |  6.3
Invocations    | 1 2 3 4 |  4.1
Fighting       | 1 2 3 |  3.7
Short Blades   | 1 2 3 |  3.7
Long Blades    | 1 2 3 |  3.7
Axes           | 1 2 3 |  3.7
Maces & Flails | 1 2 3 |  3.7
Polearms       | 1 2 3 |  3.7
Staves         | 1 2 3 |  3.7
Slings         | 1 2 3 |  3.7
Bows           | 1 2 3 |  3.7
Crossbows      | 1 2 3 |  3.7
Throwing       | 1 2 3 |  3.7
Armour         | 1 2 3 |  3.7
Shields        | 1 2 3 |  3.7
Unarmed Combat | 1 2 3 |  3.7
Evocations     | 1 2 3 |  3.7
Hexes          | 1 2 3 |  3.1
Summonings     | 1 2 3 |  3.1
Necromancy     | 1 2 3 |  3.1
Translocations | 1 2 3 |  3.1
Transmutations | 1 2 3 |  3.1
Fire Magic     | 1 2 3 |  3.1
Ice Magic      | 1 2 3 |  3.1
Earth Magic    | 1 2 3 |  3.1
Poison Magic   | 1 2 3 |  3.1
Dodging        | 5 6 |  6.0
Stealth        | 5 |  5.7
Air Magic      | 6 |  6.3

Action                   |  1- 3 |  4- 6 |  7- 9 || total
-------------------------+-------+-------+-------++-------
Melee: Staff             |       |       |     2 ||     2
 Cast: Shock             |    74 |    94 |    48 ||   216
       Airstrike         |       |    10 |    84 ||    94
       Swiftness         |       |       |     1 ||     1
  Use: Potion            |       |       |     1 ||     1
Armor: Robe              |     1 |     1 |    35 ||    37
Dodge: Dodged            |    12 |     8 |    49 ||    69

Table legend: (Time is in decaauts)
 A = Elapsed time spent in this place.
 B = Non-inter-level travel time spent in this place.
 C = Inter-level travel time spent in this place.
 D = Time resting spent in this place.
 E = Time spent auto-exploring this place.
 F = Levels seen in this place.
 G = Mean time per level.
                   A        B        C        D        E       F      G
               +--------+--------+--------+--------+--------+-----+--------+
         Total |  10511 |   9813 |    698 |   4364 |   4469 |   8 | 1313.9 |
       Dungeon |  10511 |   9813 |    698 |   4364 |   4469 |   8 | 1313.9 |
               +--------+--------+--------+--------+--------+-----+--------+

Top non-repeatable levels by time:
     D:6: 3208 daAuts
     D:4: 1566 daAuts
     D:5: 1527 daAuts
     D:1: 1168 daAuts
     D:2: 1111 daAuts
     D:3: 1000 daAuts
     D:7: 717 daAuts
     D:8: 210 daAuts
